 Dungeon Crawl Stone Soup version 0.28-a0-769-g550dbda0cd (webtiles) character file.

Game seed: 710142690821112228

1374 funkygono the Firebug (level 8, -10/42 HPs)
             Began as a Gargoyle Fire Elementalist on Oct 31, 2021.
             Mangled by an orc warrior (14 damage)
             ... on level 6 of the Dungeon.
             The game lasted 00:15:05 (6742 turns).

funkygono the Firebug (Gargoyle Fire Elementalist)  Turns: 6742, Time: 00:15:06

Health: -10/42     AC:  8    Str: 12    XL:     8   Next: 66%
Magic:  11/26      EV: 12    Int: 18    God:
Gold:   130        SH:  0    Dex: 10    Spells: 9/19 levels left

rFire   + . .      SeeInvis .   f - +1 whip (venom)
rCold   . . .      Faith    .   (no shield)
rNeg    + . .      Spirit   .   a - +0 robe
rPois   ∞          Reflect  .   (no helmet)
rElec   +          Harm     .   (no cloak)
rCorr   .          Rampage  .   u - +0 pair of gloves
Will    .....                   (no boots)
Stlth   ++........              (no amulet)
HPRegen 0.14/turn               d - ring of protection from fire
MPRegen 0.20/turn               g - ring of magical power

@: no status effects
A: sickness immunity, AC +5, negative energy resistance 1, electricity
resistance, torment resistance 1, petrification resistance
a: no special abilities


You were on level 6 of the Dungeon.
You visited 1 branch of the dungeon, and saw 6 of its levels.

You collected 184 gold pieces.
You spent 54 gold pieces at shops.

Inventory:

Hand Weapons
 f - a +1 whip of venom (weapon)
 n - a +0 flail of venom
 r - a +1 flail of holy wrath
Missiles
 c - 173 stones
Armour
 a - a +0 robe (worn)
 k - a +0 ring mail
 u - a +0 pair of gloves (worn)
Jewellery
 d - a ring of protection from fire (left hand)
 g - a ring of magical power (right hand)
 m - a ring of protection from fire
Scrolls
 e - a scroll of brand weapon
 j - a scroll of teleportation
 l - 2 scrolls of amnesia
 p - a scroll of blinking
 s - 4 scrolls of identify
Potions
 b - 2 potions of flight
 h - 2 potions of berserk rage
 i - 2 potions of curing
 o - 2 potions of brilliance


   Skills:
 + Level 0.4 Fighting
 + Level 1.9 Maces & Flails
 + Level 2.0 Dodging
 - Level 2.1 Stealth
 * Level 6.1 Spellcasting
 * Level 4.7 Conjurations
 * Level 6.9 Fire Magic


You had 9 spell levels left.
You knew the following spells:

 Your Spells              Type           Power      Damage    Failure   Level
a - Foxfire               Conj/Fire      100%       2x1d9     1%          1
b - Scorch                Fire           60%        2d8       1%          2
c - Conjure Flame         Conj/Fire      26%        6-21      3%          3
d - Flame Wave            Conj/Fire      26%        3d6       11%         4

Your spell library contained the following spells:

 Spells                   Type           Power      Damage    Failure   Level
 Inner Flame              Hex/Fire       18%        N/A       9%          3
 Ignite Poison            Fire/Tmut/Pois 13%        N/A       14%         3
 Corpse Rot               Necr/Air       10%        N/A       19%         2
 Ensorcelled Hibernation  Hex/Ice        10%        N/A       19%         2
 Spider Form              Tmut/Pois      2%         N/A       34%         3
 Dispel Undead            Necr           5%         3d7       75%         4
 Death Channel            Necr           2%         N/A       100%        6


Dungeon Overview and Level Annotations

Branches:
Dungeon (6/15)
 Temple: D:4-7

Altars:
Hepliaklqana
Okawaru
Qazlal
Trog

Shops:
D:4 *=[

Annotations:
D:5 1 runed translucent door, zero's ghost, novice SpEn


Innate Abilities, Weirdness & Mutations

You are immune to sickness and miasma.
Your stone body is resilient. (AC +5)
You are immune to poison.
You resist negative energy. (rN+)
You are resistant to electric shocks. (rElec)
You are resistant to unholy torment.
You are immune to petrification.


Message History

The bullfrog zombie hits you but does no damage.
The orc warrior hits you with a +0 war axe!
* * * LOW HITPOINT WARNING * * *
Casting: Scorch (safe; 1% risk of failure)
Confirm with . or Enter, or press ? or * to list all spells.
You conjure some foxfire!
The bullfrog zombie hits you.
* * * LOW HITPOINT WARNING * * *
The bullfrog zombie hits you but does no damage.
The orc warrior hits you with a +0 war axe!
* * * LOW HITPOINT WARNING * * *
The orc warrior hits your foxfire with a +0 war axe! x2
There are no items here.
You feel better.
The foxfire hits the orc warrior but does no damage.
The orc warrior is severely wounded.
The foxfire hits the orc warrior but does no damage.
The orc warrior is severely wounded.
The bullfrog zombie closely misses you. The orc warrior closely misses you.
Casting: Foxfire (safe; 1% risk of failure)
Confirm with . or Enter, or press ? or * to list all spells.
You conjure some foxfire!
The orc warrior is no longer more vulnerable to fire.
The bullfrog zombie barely misses you.
Casting: Foxfire (safe; 1% risk of failure)
Confirm with . or Enter, or press ? or * to list all spells.
You conjure some foxfire!
The bullfrog zombie hits you.
* * * LOW HITPOINT WARNING * * *
The orc warrior barely misses you.
The orc warrior closely misses your foxfire.
The bullfrog zombie hits you but does no damage.
The foxfire hits the bullfrog zombie.
The bullfrog zombie is almost destroyed.
The foxfire hits the orc warrior.
The orc warrior is severely wounded.
The foxfire hits the orc warrior but does no damage.
The orc warrior is severely wounded.
The foxfire hits the bullfrog zombie!
You destroy the bullfrog zombie!
The orc warrior hits you with a +0 war axe!
You die...

#P#.#P....#..#
.P.#.PP...#..##
.§P§P.....#...# ###
P..§.#....#.#.# ....
.§..).....#.#.## ##.....
P§§.....#.#.#..#######.......
.P<..P.........§..)..........
........#.#.#..§..)##.[#.....
........#.#.#..@o..##..# ...
........#.#.#......##..# .
........#.#.#......##..#
##...##.#.#.#......##..# #...
#.#.#.###....##..# #..
#.#.#.. +....+...# #.. #.#
#....# .. #.# #....# #.#


You could see an orc warrior.

Vanquished Creatures
  A steam dragon (D:6)
  A sky beast (D:6)
  3 ogres
  A necrophage (D:4)
  A phantom (D:4)
  A water moccasin zombie (D:4)
  A wyvern skeleton (D:5)
  A water moccasin skeleton (D:4)
  2 bullfrog zombies
  A hound (D:4)
  A centaur zombie (D:4)
  A jelly (D:5)
  4 orc wizards
  2 hound skeletons (D:4)
  9 adders
  9 gnolls
  An ufetubus (D:4)
  An adder zombie (D:3)
  3 adder skeletons
  2 worms
  4 dart slugs
  14 orcs
  3 bats
  7 endoplasms
  3 giant cockroaches
  10 hobgoblins
  13 jackals
  5 quokkas
  5 ball pythons
  5 frilled lizards
  10 goblins
  9 kobolds
  5 rats
139 creatures vanquished.

Vanquished Creatures (others)
  454 foxfires
  5 plants (D:2)
459 creatures vanquished.

Grand Total: 598 creatures vanquished

Notes
Turn   | Place    | Note
-------+----------+-------------------------------------------
     0 | D:1      | funkygono the Gargoyle Fire Elementalist began the quest
                  | for the Orb.
     0 | D:1      | Reached XP level 1. HP: 10/10 MP: 3/3
     0 | D:1      | Noticed a gargoyle
     1 | D:1      | Noticed a merfolk
     2 | D:1      | Noticed an octopode
     4 | D:1      | Noticed a tengu
     6 | D:1      | Noticed a troll
     7 | D:1      | Noticed a troll
     9 | D:1      | Noticed an ogre
    11 | D:1      | Noticed a tengu
    11 | D:1      | Noticed a formicid
    13 | D:1      | Noticed a vine stalker
    13 | D:1      | Noticed a dwarf
    15 | D:1      | Noticed a ghoul
    15 | D:1      | Noticed a vampire
    17 | D:1      | Noticed a minotaur
    17 | D:1      | Noticed an octopode
    17 | D:1      | Noticed an octopode
    19 | D:1      | Noticed a formicid
    19 | D:1      | Noticed a demigod
    21 | D:1      | Noticed a troll
   166 | D:1      | Reached XP level 2. HP: 13/15 MP: 0/5
   169 | D:1      | Learned a level 2 spell: Scorch
   437 | D:1      | Reached XP level 3. HP: 13/19 MP: 0/6
   441 | D:1      | Learned a level 3 spell: Conjure Flame
  1603 | D:2      | Reached XP level 4. HP: 24/24 MP: 5/8
  2019 | D:2      | You fall into a shaft and drop 1 floor!
  2412 | D:3      | Reached XP level 5. HP: 26/28 MP: 2/9
  2558 | D:3      | Found a bloodstained altar of Trog.
  3093 | D:2      | Got the Grimoire of Nocuous Fire
  3099 | D:2      | Learned a level 4 spell: Flame Wave
  3272 | D:2      | Found a faded altar of an unknown god.
  3601 | D:3      | Noticed an ogre
  3612 | D:3      | Killed an ogre
  3613 | D:3      | Reached XP level 6. HP: 32/32 MP: 4/11
  4122 | D:4      | Found Ujoucven's Antique Armour Boutique.
  4152 | D:4      | Found Utran's Jewellery Boutique.
  4246 | D:4      | Reached skill level 5 in Fire Magic
  4370 | D:4      | Reached XP level 7. HP: 35/36 MP: 4/13
  4466 | D:4      | Found Zuegouwu's General Store.
  4687 | D:4      | Found a stormy altar of Qazlal.
  5003 | D:4      | Reached skill level 5 in Spellcasting
  5455 | D:4      | Bought a +0 pair of gloves for 54 gold pieces
  5545 | D:5      | Entered Level 5 of the Dungeon
  5668 | D:5      | Reached skill level 1 in Maces & Flails
  5668 | D:5      | Reached XP level 8. HP: 15/41 MP: 15/15
  5917 | D:5      | Noticed zero's ghost (novice SpEn)
  5918 | D:5      | Found a runed translucent door.
  6475 | D:5      | Found an iron altar of Okawaru.
  6699 | D:6      | Found a hazy altar of Hepliaklqana.
  6737 | D:6      | HP: 1/42 [orc warrior (10)]
  6742 | D:6      | Mangled by an orc warrior

Illustrated notes

Levels and vault maps discovered:
D:1:      shiori_arrival_whats_in_store_for_you, layout_loops_ring,
          minmay_cut_off
D:2:      layout_loops_ring, dilly_ecumenical_altar_fadedgnrine
D:3:      layout_basic, old_standard_altar, glass_columns_a,
          minmay_quadrilaterals
D:4:      layout_basic, overflow_temple_1_default, serial_shops,
          nicolae_shop_temple_entry_statues_fountains, nicolae_shop_crystal,
          nicolae_shop_stone, minivault_11, kennysheep_dice
D:5:      layout_loops_ring, okawaru_altar_gauntlet_db,
          hellmonk_ghost_happy_afterlife
D:6:      layout_basic, nicolae_hepliaklqana_hazy_memory,
          nicolae_ossuary_entry_giza

Skill      XL: |  1  2  3  4  5  6  7  8 |
---------------+-------------------------+-----
Fire Magic     | 4 5 6 |  6.9
Conjurations   | 2 3 4 |  4.7
Spellcasting   | 3 4 5 6 |  6.1
Maces & Flails | 1 |  1.9
Dodging        | 2 |  2.0
Fighting       | |  0.4
Stealth        | |  2.1

Action                   |  1- 3 |  4- 6 |  7- 9 || total
-------------------------+-------+-------+-------++-------
Melee: Unarmed           |    11 |       |       ||    11
       Whip              |    20 |    35 |     8 ||    63
 Cast: Foxfire           |    57 |   115 |    99 ||   271
       Scorch            |     5 |    13 |    16 ||    34
       Conjure Flame     |       |     1 |       ||     1
  Use: Scroll            |       |     4 |    10 ||    14
       Potion            |       |       |     1 ||     1
 Stab: Sleeping          |     1 |       |       ||     1
Armor: Robe              |    10 |    16 |    15 ||    41
Dodge: Dodged            |    30 |    35 |    28 ||    93

Table legend: (Time is in decaauts)
 A = Elapsed time spent in this place.
 B = Non-inter-level travel time spent in this place.
 C = Inter-level travel time spent in this place.
 D = Time resting spent in this place.
 E = Time spent auto-exploring this place.
 F = Levels seen in this place.
 G = Mean time per level.
                   A        B        C        D        E       F      G
               +--------+--------+--------+--------+--------+-----+--------+
         Total |   6745 |   6594 |    151 |    210 |   5262 |   6 | 1124.2 |
       Dungeon |   6745 |   6594 |    151 |    210 |   5262 |   6 | 1124.2 |
               +--------+--------+--------+--------+--------+-----+--------+

Top non-repeatable levels by time:
     D:3: 1502 daAuts
     D:4: 1465 daAuts
     D:1: 1419 daAuts
     D:2: 1161 daAuts
     D:5: 1028 daAuts
     D:6: 167 daAuts
